Map: Base du roi Sejong EC

Players

zidar - Winner!

  • Race: Zerg Zerg
  • League: Gold
  • Spawn Location: 5:00

FestisLime

  • Race: Terran Terran
  • League: Gold
  • Spawn Location: 11:00

VOD

Have the link to the VOD?

Description

Time

  • Played on: June 19, 2016, 10:09 a.m.
  • Length: 13:03
Show
View Real Time Build Order
Export as new Build Order

zidar Zerg - Winner!

Build Orders: Hatch First 

Get SALT Encoding   

  12  0:06  Drone  
  13  0:15  Overlord  
  13  0:19  Drone  
  14  0:33  Drone x2  
  16  0:51  Hatchery  
  16  0:53  Drone  
  16  0:56  Extractor  
  15  0:59  Drone  
  16  1:17  Spawning Pool  
  16  1:18  Drone  
  16  1:26  Drone  
  16  1:28  Drone  
  18  1:39  Overlord  
  18  1:43  Drone  
  19  2:04  Queen x2  
  19  2:06  Drone  
  24  2:08  Zergling x2  
  24  2:11  Zergling x2  
  26  2:43  Drone x6  
  32  2:45  Baneling Nest  
  31  2:54  Metabolic Boost  
  31  3:06  Extractor  
  31  3:07  Drone  
  31  3:13  Drone x3  
  34  3:31  Pneumatized Carapace  
  34  3:32  Overlord  
  34  3:33  Overlord x2  
  34  3:45  Drone x2  
  36  3:51  Drone x6  
  42  4:00  Drone x3  
  45  4:05  Lair  
  45  4:13  Queen  
  47  4:33  Drone x2  
  47  4:34  Hatchery, Drone x2  
  47  4:35  Drone  
  47  4:37  Drone x2  
  47  4:38  Drone  
  54  4:43  Extractor  
  53  4:47  Extractor  
  53  4:52  Evolution Chamber  
  51  4:59  Evolution Chamber  
  50  5:09  Spire  
  49  5:33  Zerg Ground Armor Level 1  
  49  5:34  Centrifical Hooks, Zerg Melee Weapons Level 1  
  49  5:37  Zergling x22  
  60  5:43  Baneling x4  
  60  5:45  Overlord  
  60  5:46  Overlord x5  
  60  6:24  Zergling x18  
  69  6:35  Baneling  
  69  6:36  Baneling x17  
  69  7:12  Zergling x30  
  84  7:32  Drone x5  
  89  7:38  Drone  
  84  8:05  Corruptor  
  84  8:06  Corruptor x3  
  84  8:07  Corruptor x4  
  84  8:08  Corruptor x4  
  108  8:14  Drone x5  
  113  8:22  Overlord x3  
  113  8:27  Zerg Ground Armor Level 2  
  113  8:48  Overlord x2  
  113  8:50  Drone x8  
  121  8:56  Extractor  
  121  8:57  Extractor  
  121  8:58  Zerg Melee Weapons Level 2  
  119  9:37  Hatchery  
  118  9:41  Hatchery  
  118  9:43  Drone x3  
  118  9:44  Drone, Infestation Pit  
  120  9:50  Overseer x2  
  120  9:53  Zergling x2  
  120  9:54  Zergling x30  
  120  9:56  Zergling x6  
  139  10:12  Drone x2  
  139  10:13  Drone x4  
  145  10:20  Hive  
  145  10:30  Queen  
  129  11:12  Zergling x2  
  129  11:13  Zergling x40  
  148  12:04  Zergling x2  
  148  12:05  Zergling x34  
  166  12:08  Baneling  
  166  12:09  Baneling x19  
  166  12:10  Overlord  
  166  12:11  Overlord x8  
  168  12:33  Ultralisk Cavern  
Show
View Real Time Build Order
Export as new Build Order

FestisLime Terran 

Build Orders: Command Center First (CC) 

Get SALT Encoding   

  12  0:00  SCV  
  13  0:13  SCV  
  14  0:20  Supply Depot  
  14  0:25  SCV  
  15  0:42  SCV  
  16  1:01  Command Center  
  16  1:02  SCV  
  17  1:17  Barracks, SCV  
  18  1:48  Command Center  
  18  2:04  Engineering Bay  
  19  2:10  Orbital Command  
  19  2:12  Marine  
  19  2:20  Bunker  
  19  2:32  SCV  
  20  2:53  Marine  
  21  3:01  Refinery  
  21  3:02  SCV  
  21  3:03  Barracks x2  
  21  3:11  Marine  
  22  3:20  Orbital Command  
  22  3:22  SCV  
  22  3:24  Orbital Command  
  23  3:29  Marine  
  24  3:35  SCV  
  24  3:40  Refinery  
  25  3:47  SCV  
  26  3:52  SCV x2  
  26  3:54  Barracks Tech Lab  
  28  3:59  SCV  
  29  4:04  SCV x2  
  31  4:11  SCV  
  31  4:15  Bunker  
  32  4:17  Marine x3  
  32  4:20  SCV x2  
  37  4:32  Supply Depot  
  37  4:33  Supply Depot  
  37  4:35  Marine x2  
  37  4:36  Supply Depot  
  39  4:40  SCV  
  39  4:43  Barracks Reactor  
  39  4:50  Supply Depot  
  39  4:51  SCV  
  40  4:53  Marine x2  
  40  4:58  SCV  
  43  5:07  Factory  
  43  5:08  Stimpack  
  43  5:10  Marine  
  43  5:11  Marine  
  45  5:17  SCV x2  
  45  5:19  Engineering Bay  
  47  5:23  Marine x2  
  49  5:28  Marine  
  49  5:34  Orbital Command  
  49  5:35  SCV  
  52  5:36  SCV  
  52  5:37  Refinery  
  52  5:41  Marine x2  
  54  5:43  Barracks Reactor  
  54  5:44  Engineering Bay  
  54  5:46  Marine  
  55  5:52  Starport  
  55  5:54  SCV x2  
  57  5:59  Marine x2  
  57  6:01  SCV  
  60  6:04  Marine  
  60  6:06  SCV  
  62  6:12  Terran Infantry Weapons Level 1  
  62  6:14  Terran Infantry Armor Level 1  
  62  6:16  Marine, Factory Reactor  
  62  6:17  Marine  
  64  6:22  Marine  
  64  6:24  SCV x2  
  64  6:25  SCV  
  68  6:30  Marine x2  
  70  6:34  Marine x2  
  70  6:36  SCV  
  73  6:57  Missile Turret  
  73  6:58  Missile Turret  
  73  7:01  Missile Turret  
  72  7:04  Marine  
  72  7:05  Marine x4  
  77  7:12  Barracks  
  77  7:15  Barracks  
  77  7:22  Marine  
  77  7:23  Marine x4  
  77  7:25  Barracks  
  82  7:31  SCV x2  
  84  7:40  Marine, Combat Shield  
  85  7:51  Marine  
  85  7:52  SCV  
  85  7:53  Marine  
  85  7:54  Marine  
  85  7:55  Marine  
  85  7:58  Marine  
  84  8:00  SCV  
  85  8:13  Factory Reactor  
  85  8:15  Armory, Factory Tech Lab  
  85  8:22  Barracks Reactor  
  85  8:33  Supply Depot  
  85  8:36  Supply Depot  
  85  8:41  Marine  
  85  8:53  Missile Turret  
  85  8:55  Marine x5, SCV x3  
  93  8:57  Missile Turret, Supply Depot  
  93  8:58  Marine, Medivac x2  
  93  8:59  Marine  
  93  9:01  Marine x2  
  101  9:15  Command Center  
  101  9:16  Missile Turret  
  101  9:19  Marine x6, SCV x2  
  109  9:38  Supply Depot  
  109  9:39  Terran Infantry Weapons Level 2, Supply Depot  
  109  9:41  Supply Depot, Terran Infantry Armor Level 2  
  109  10:00  Marine x9, SCV x3, Medivac x2  
  109  10:03  Supply Depot  
  109  10:04  Supply Depot  
  125  10:12  SCV  
  126  10:17  Marine x4  
  126  10:18  Marine  
  126  10:19  Marine x2  
  133  10:24  Marine x2  
  133  10:25  SCV x2  
  137  10:30  Medivac x2  
  137  10:33  SCV  
  137  10:35  Marine x2  
  142  10:36  Marine  
  142  10:37  Marine x2  
  147  11:00  Medivac x2  
  103  11:12  Marine x4  
  103  11:13  Marine x5  
  112  11:23  Barracks  
  112  11:24  Barracks  
  112  11:27  Barracks  
  112  11:30  Marine x5  
  112  11:31  Marine x4  
  110  11:47  Marine  
  110  11:48  Marine x4  
  110  11:49  Marine x4  
  117  12:05  Marine x2  
  117  12:06  Marine x3  
  117  12:07  Marine x4  
  126  12:23  Marine x2  
  126  12:24  Marine x7  
  126  12:28  Barracks Reactor  
  135  12:30  SCV  
  135  12:33  Barracks Reactor  
  135  12:34  Barracks Reactor  
  136  12:41  Marine x3  
  136  12:42  Marine x6  
Tags
 
Add a new tag
Caveats
  • Supply blocks, unpowered buildings, or Contaminate may cause inaccurate times.
  • Supply counts are checked every 10 seconds.